 Dungeon Crawl Stone Soup version 0.27.1-4-g1640c2035a (webtiles) character file.

Game seed: 14579324910307514654

452 Stomo444 the Skirmisher (level 6, -2/55 HPs)
             Began as a Draconian Monk on Nov 10, 2021.
             Was a Priest of Kikubaaqudgha.
             Slain by a wyvern zombie (8 damage)
             ... on level 4 of the Dungeon.
             The game lasted 00:06:06 (4042 turns).

Stomo444 the Skirmisher (Draconian Monk)            Turns: 4042, Time: 00:06:06

Health: -2/55      AC:  7    Str: 15    XL:     6   Next: 75%
Magic:  6/6        EV: 13    Int: 10    God:    Kikubaaqudgha [***...]
Gold:   164        SH:  0    Dex: 14    Spells: 5/5 levels left

rFire    . . .     SeeInvis .   d - +0 morningstar
rCold    . . .     Faith    .   (no shield)
rNeg     . . .     Spirit   .   (armour unavailable)
rPois    .         Reflect  .   (helmet restricted)
rElec    .         Harm     .   (no cloak)
rCorr    .         Rampage  .   (no gloves)
Will     .....                  g - +0 pair of boots
Stlth    ++........             (no amulet)
HPRegen  0.18/turn              (no ring)
MPRegen  0.10/turn              (no ring)

@: no status effects
A: AC +6, unfitting armour, cold-blooded
a: Renounce Religion, Receive Corpses


You were on level 4 of the Dungeon.
You worshipped Kikubaaqudgha.
Kikubaaqudgha was most pleased with you.
You visited 1 branch of the dungeon, and saw 4 of its levels.

You collected 164 gold pieces.

Inventory:

Hand Weapons
 a - a +0 mace
 d - a +0 morningstar (weapon)
Missiles
 b - a throwing net (quivered)
Armour
 g - a +0 pair of boots (worn)
Jewellery
 f - a ring of ice
Wands
 l - a wand of digging (6)
 n - a wand of paralysis (8)
 p - a wand of acid (12)
Scrolls
 c - 5 scrolls of identify
 i - 2 scrolls of fear
 o - a scroll of teleportation
Potions
 e - 2 potions of brilliance
 j - a potion of curing
 k - a potion of lignification
 m - a potion of mutation {unknown}


   Skills:
 - Level 4.9 Fighting
 + Level 0.1 Short Blades
 + Level 0.1(2.7) Axes
 - Level 4.5 Maces & Flails
 + Level 0.1(0.2) Polearms
 + Level 0.1(2.7) Staves
 + Level 0.1 Slings
 + Level 0.1 Bows
 + Level 0.1 Crossbows
 + Level 0.1 Throwing
 - Level 4.1 Dodging
 - Level 1.9 Stealth
 + Level 0.1 Shields
 + Level 0.1 Unarmed Combat
 + Level 0.1 Spellcasting
 + Level 0.1 Conjurations
 + Level 0.1 Hexes
 + Level 0.1 Summonings
 * Level 2.3 Necromancy
 + Level 0.1 Translocations
 + Level 0.1 Transmutations
 + Level 0.1 Fire Magic
 + Level 0.1 Ice Magic
 + Level 0.1 Air Magic
 + Level 0.1 Earth Magic
 + Level 0.1 Poison Magic
 + Level 0.1 Invocations
 + Level 0.5 Evocations


You had 5 spell levels left.
You didn't know any spells.
Your spell library contained the following spells:

 Spells                   Type           Power      Damage    Failure   Level
 Animate Skeleton         Necr           8%         N/A       14%         1
 Pain                     Necr           16%        1d4       14%         1
 Sublimation of Blood     Necr           2%         N/A       22%         2
 Foxfire                  Conj/Fire      0%         2x1d4     36%         1
 Vampiric Draining        Necr           2%         2d6       41%         3
 Slow                     Hex            0%         N/A       50%         2
 Confusing Touch          Hex            0%         N/A       73%         3
 Conjure Flame            Conj/Fire      0%         6-21      73%         3
 Inner Flame              Hex/Fire       0%         N/A       73%         3
 Dispel Undead            Necr           4%         3d7       82%         4
 Agony                    Necr           4%         N/A       99%         5
 Borgnjor's Vile Clutch   Necr/Erth      1%         N/A       99%         5
 Death Channel            Necr           2%         N/A       100%        6
 Simulacrum               Ice/Necr       1%         N/A       100%        6


Dungeon Overview and Level Annotations

Branches:
Dungeon (4/15)
 Temple: D:4-7

Altars:
Fedhas
Kikubaaqudgha
Qazlal


Innate Abilities, Weirdness & Mutations

Your plain brown scales are hard. (AC +6)
You cannot fit into any form of body armour.
You are cold-blooded and may be slowed by cold attacks.


Message History

You hit the wyvern zombie but do no damage.
The wyvern zombie is lightly damaged.
The wyvern zombie bites you. The wyvern zombie barely misses you.
You hit the wyvern zombie.
The wyvern zombie is moderately damaged.
The wyvern zombie bites you!
You completely miss the wyvern zombie.
The wyvern zombie is moderately damaged.
The wyvern zombie barely misses you.
The wyvern zombie bites you but does no damage.
You hit the wyvern zombie but do no damage.
The wyvern zombie is moderately damaged.
The wyvern zombie bites you.
* * * LOW HITPOINT WARNING * * *
The wyvern zombie barely misses you.
Unknown command.
The wyvern zombie completely misses you.
Unknown command.
Okay, then.
Okay, then.
Press: ? - help, v - describe, . - travel A rock wall.
Press: ? - help, v - describe, . - travel A rock wall.
You hit the wyvern zombie but do no damage.
The wyvern zombie is moderately damaged.
The wyvern zombie completely misses you.
You hit the wyvern zombie.
The wyvern zombie is moderately damaged.
The wyvern zombie bites you but does no damage. x2
You barely miss the wyvern zombie.
The wyvern zombie is moderately damaged.
The wyvern zombie bites you!
* * * LOW HITPOINT WARNING * * *
The wyvern zombie barely misses you.
You hit the wyvern zombie but do no damage.
The wyvern zombie is moderately damaged.
The wyvern zombie bites you!
You die...
Kikubaaqudgha rasps: "You have failed me!
Welcome... death!"

##### ### #####...##
##.## #....###.####.).##
#.#..............#
#....###)####....########
##.##...## #.@..........
#.###### ##Z..########
#.# ##.## #.### #.# #...#
#.# ###.# #'# #.# ...
#.## ....! #..## .......


You could see a wyvern zombie.

Vanquished Creatures
  Grinder (D:4)
  A hound (D:4)
  A bullfrog skeleton (D:4)
  A gnoll shaman (D:4)
  An orc wizard (D:4)
  3 gnolls (D:4)
  3 adders (D:3)
  2 worms (D:2)
  2 dart slugs (D:2)
  5 orcs
  6 ball pythons
  12 endoplasms
  2 giant cockroaches (D:3)
  7 goblins
  5 hobgoblins
  5 jackals
  3 bats
  3 frilled lizards
  9 kobolds
  10 rats
82 creatures vanquished.

Vanquished Creatures (others)
  3 fungi (D:4)
  3 plants (D:4)
  9 withered plants (D:3)
15 creatures vanquished.

Grand Total: 97 creatures vanquished

Notes
Turn   | Place    | Note
-------+----------+-------------------------------------------
     0 | D:1      | Stomo444 the Draconian Monk began the quest for the Orb.
     0 | D:1      | Reached XP level 1. HP: 19/19 MP: 1/1
     2 | D:1      | Noticed an octopode
     2 | D:1      | Noticed a tengu
     4 | D:1      | Noticed a minotaur
     4 | D:1      | Noticed an elf
     6 | D:1      | Noticed a djinni
     8 | D:1      | Noticed a vine stalker
     8 | D:1      | Noticed a palentonga
    10 | D:1      | Noticed a demigod
    10 | D:1      | Noticed a draconian
    12 | D:1      | Noticed a felid
    12 | D:1      | Noticed a formicid
    14 | D:1      | Noticed an ogre
    14 | D:1      | Noticed a dwarf
    16 | D:1      | Noticed a gargoyle
    16 | D:1      | Noticed a demonspawn
    18 | D:1      | Noticed a naga
    18 | D:1      | Noticed a merfolk
    20 | D:1      | Noticed a human
    22 | D:1      | Noticed a troll
    24 | D:1      | Noticed a barachi
    24 | D:1      | Noticed a spriggan
    26 | D:1      | Noticed a vampire
    26 | D:1      | Noticed a ghoul
   210 | D:1      | Reached XP level 2. HP: 20/26 MP: 2/2
   525 | D:1      | Found a faded altar of an unknown god.
   586 | D:1      | Became a worshipper of Kikubaaqudgha
   586 | D:1      | Reached * piety under Kikubaaqudgha
   586 | D:1      | Received a gift from Kikubaaqudgha
   586 | D:1      | Reached ** piety under Kikubaaqudgha
   988 | D:1      | Reached *** piety under Kikubaaqudgha
   988 | D:1      | Received a gift from Kikubaaqudgha
  1173 | D:2      | Reached XP level 3. HP: 31/33 MP: 3/3
  1858 | D:2      | Noticed an ogre
  2579 | D:3      | Reached XP level 4. HP: 40/40 MP: 4/4
  2936 | D:3      | Found an ancient bone altar of Kikubaaqudgha.
  3218 | D:4      | Reached XP level 5. HP: 42/47 MP: 5/5
  3377 | D:4      | Found a blossoming altar of Fedhas.
  3381 | D:4      | Found a stormy altar of Qazlal.
  3958 | D:4      | Noticed Grinder
  3978 | D:4      | Paralysed by Grinder for 2 turns
  3982 | D:4      | Killed Grinder
  3983 | D:4      | Reached XP level 6. HP: 55/55 MP: 6/6
  4042 | D:4      | Slain by a wyvern zombie

Illustrated notes

Levels and vault maps discovered:
D:1:      kb_arrival_jail, layout_basic, ebering_ecumenical_altar_abandoned,
          amcnicky_mini_pool_small, minmay_pentomino_s4
D:2:      wad_river_or_something, layout_basic
D:3:      layout_rooms, kiku_gazebo_garden_becter
D:4:      layout_loops_corners, grunt_temple_overflow_forces_of_nature,
          uniq_grinder

Skill      XL: |  1  2  3  4  5 |
---------------+----------------+-----
Dodging        | 3 4 |  4.1
Fighting       | 4 |  4.9
Maces & Flails | 4 |  4.5
Necromancy     | 2 |  2.3
Short Blades   | |  0.1
Axes           | |  0.1
Polearms       | |  0.1
Staves         | |  0.1
Slings         | |  0.1
Bows           | |  0.1
Crossbows      | |  0.1
Throwing       | |  0.1
Stealth        | |  1.9
Shields        | |  0.1
Unarmed Combat | |  0.1
Spellcasting   | |  0.1
Conjurations   | |  0.1
Hexes          | |  0.1
Summonings     | |  0.1
Translocations | |  0.1
Transmutations | |  0.1
Fire Magic     | |  0.1
Ice Magic      | |  0.1
Air Magic      | |  0.1
Earth Magic    | |  0.1
Poison Magic   | |  0.1
Invocations    | |  0.1
Evocations     | |  0.5

Action                   |  1- 3 |  4- 6 || total
-------------------------+-------+-------++-------
Melee: Mace              |    23 |       ||    23
       Tailslap          |    13 |    10 ||    23
       Morningstar       |    82 |   108 ||   190
  Use: Scroll            |     3 |     2 ||     5
       Potion            |     2 |     2 ||     4
 Stab: Sleeping          |    11 |     4 ||    15
Armor: Skin              |    35 |    37 ||    72
Dodge: Dodged            |    68 |    67 ||   135
